 Dungeon Crawl Stone Soup version 0.22-a0-248-gc8378ba3fb (webtiles) character file.

28 Banto the Vexing (level 2, -3/11 HPs)
             Began as a Felid Enchanter on Feb 28, 2018.
             Slain by a worm (9 damage)
             ... on level 2 of the Dungeon.
             The game lasted 00:01:28 (1285 turns).

Banto the Vexing (Felid Enchanter)                  Turns: 1285, Time: 00:01:29

Health: -3/11      AC:  1    Str:  4    XL:     2   Next: 96%
Magic:  0/6        EV: 18    Int: 16    God:
Gold:   104        SH:  0    Dex: 16    Spells: 2/5 levels left
                                        Lives:  0   Deaths: 0

rFire    . . .     SeeInvis +     - Unarmed
rCold    . . .     Gourm    .   (shield unavailable)
rNeg     . . .     Faith    .   (armour unavailable)
rPois    .         Spirit   .   (helmet unavailable)
rElec    .         Reflect  .   (cloak unavailable)
rCorr    .         Harm     .   (gloves unavailable)
MR       .....                  (boots unavailable)
Stlth    +++.......             (no amulet)
HPRegen  0.03/turn              (no ring)
MPRegen  0.10/turn              (no ring)

@: quick
A: very small, no armour, no weapons or thrown items, stealth, claws 1, fangs 3,
see invisible, carnivore, speed 1, shaggy fur 1, slow metabolism 1, sharp paws
a: no special abilities


You were on level 2 of the Dungeon.
You were completely stuffed.

You visited 1 branch of the dungeon, and saw 2 of its levels.

You collected 104 gold pieces.

Inventory:

Jewellery
 i - an uncursed ring of magical power {unknown}
Scrolls
 e - a scroll of remove curse {unknown}
 f - a scroll of magic mapping
 j - 2 scrolls of fog
Potions
 c - a potion of heal wounds {unknown}
 d - a potion of cancellation {unknown}
 g - a potion of agility {unknown}
 k - a potion of curing {unknown}
Comestibles
 a - 3 rations
 b - a chunk of flesh


   Skills:
 - Level 2.6 Dodging
 + Level 4.5 Stealth
 * Level 2.2 Unarmed Combat
 - Level 2.0 Spellcasting
 + Level 4.9 Hexes


You had 2 spell levels left.
You knew the following spells:

 Your Spells              Type           Power        Failure   Level  Hunger
a - Corona                Hex            ###....      2%          1    #......
b - Ensorcelled Hibernat  Hex/Ice        #.....       12%         2    ###....


Dungeon Overview and Level Annotations

Branches:
Dungeon (2/15)

Altars:


Innate Abilities, Weirdness & Mutations

You cannot wear armour.
You are incapable of wielding weapons or throwing items.
Your paws allow you to move quietly. (Stealth)
You have sharp claws.
You have razor-sharp teeth.
You have supernaturally acute eyesight. (SInv)
You are carnivorous and can eat meat at any time.
You cover ground quickly.
You are covered in fur. (AC +1)
You have a slow metabolism.
Your sharp claws are effective at attacking unaware monsters.


Message History

Casting: Ensorcelled Hibernation (safe; 12% risk of failure)
Confirm with . or Enter, or press ? or * to list all spells.
Aiming: Ensorcelled Hibernation (safe; 12% risk of failure)
Press: ? - help, Shift-Dir - straight line, f/p - worm
Aim: a worm (lightly wounded, chance to defeat MR: 50%)
The worm resists with some effort.
The worm bites you.
You take 5 damage, and have 6/11 hp.
MASSIVE DAMAGE!!
You now have 2/6 mp.
Casting: Ensorcelled Hibernation (safe; 12% risk of failure)
Confirm with . or Enter, or press ? or * to list all spells.
Aiming: Ensorcelled Hibernation (safe; 12% risk of failure)
Press: ? - help, Shift-Dir - straight line, f/p - worm
Aim: a worm (chance to defeat MR: 50%)
The worm looks drowsy...
You now have 0/6 mp.
The helpless worm fails to defend itself.
You claw the worm!
The worm is severely wounded.
The worm bites you!
Ouch! That really hurt!
You die...

*****#############
***********,,,,...,........####
,,,,,,,,,,,,***#..,...........#
,*****,**,*** #.#*#######.##.#
,*****,**,* #.# #.##.###
,,,,,,,,,,* #w# #)##....
,*****,**,*#####@# #.###### ,*
*,**,,,...#.# #.# ,*
*,*,,,**#.#.# ###.# ,*****,,,,,*
#.).# #...# ,,,,,,,,,,,###...#
#.###
*******,,......#.#######.########
* **,..#.###................. *
*#,*#.# #########.#######. *
#.*#.###########.# #.


You could see a worm.

Vanquished Creatures
  An adder (D:2)
  A ball python (D:1)
  4 goblins
  A hobgoblin (D:1)
  4 kobolds
  2 bats (D:1)
  3 frilled lizards (D:1)
  4 rats
20 creatures vanquished.

Notes
Turn   | Place    | Note
-------+----------+-------------------------------------------
     0 | D:1      | Banto the Felid Enchanter began the quest for the Orb.
     0 | D:1      | Reached XP level 1. HP: 7/7 MP: 4/4
   314 | D:1      | Reached XP level 2. HP: 11/11 MP: 6/6
   318 | D:1      | Learned a level 2 spell: Ensorcelled Hibernation
  1285 | D:2      | Slain by a worm

Vault maps used:
D:1:      zelgadis_glass_arrival_small, minmay_misc_feat_room,
          minmay_crystal_water, minivault_11
D:2:      first_ration

Skill      XL: |  1  2 |
---------------+-------+-----
Unarmed Combat | 2 |  2.2
Dodging        | |  2.6
Stealth        | |  4.5
Spellcasting   | |  2.0
Hexes          | |  4.9

Action                   || total
-------------------------++-------
Melee: Unarmed           ||    34
 Cast: Ensorcelled Hiber ||     4
  Use: Scroll            ||     5
 Stab: Sleeping          ||    15
  Eat: Chunk             ||     8
Armor: Skin              ||     1
Dodge: Dodged            ||    21

Table legend:
 A = Spawn XP
 B = Non-spawn XP
 C = Spawn XP percentage of total XP
 D = Spawn monster count
 E = Non-spawn monster count
 F = Spawn count percentage of total count
 G = Total turns spent on level
                    A         B        C        D         E        F      G
               +---------+---------+-------+---------+---------+-------+---------
         Total |       0 |      40 |   0.0 |       0 |      20 |   0.0 |  1285
               +---------+---------+-------+---------+---------+-------+---------
           D:1 |       0 |      22 |   0.0 |       0 |      15 |   0.0 |   948
           D:2 |       0 |      18 |   0.0 |       0 |       5 |   0.0 |   337
               +---------+---------+-------+---------+---------+-------+---------

Table legend:
 A = Turns spent in this place as a percentage of turns spent in the entire game.
 B = Non-inter-level travel turns spent in this place as a percentage of non-inter-level travel turns spent in the entire game.
 C = Inter-level travel turns spent in this place as a percentage of turns spent in this place.
 D = Turns resting spent in this place as a percentage of non-inter-level travel turns spent in this place.
 E = Turns spent auto-exploring this place as a percentage of non-inter-level travel turns spent in this place.
 F = Non-inter-level travel turns spent in this place divided by the number of levels of this place that you've seen.
                   A       B       C       D       E      F
               +-------+-------+-------+-------+-------+----------------------
         Total | 100.0 | 100.0 |   5.2 |   0.0 |  79.3 | 609.0
       Dungeon | 100.0 | 100.0 |   5.2 |   0.0 |  79.3 | 609.0
               +-------+-------+-------+-------+-------+----------------------

Table legend:
 A = Kills in this place as a percentage of kills in entire the game.
 B = Kills by you in this place as a percentage of kills by you in the entire game.
 C = Kills by friends in this place as a percentage of kills by friends in the entire game.
 D = Other kills in this place as a percentage of other kills in the entire game.
 E = Experience gained in this place as a percentage of experience gained in the entire game.
 F = Experience gained in this place divided by the number of levels of this place that you have seen.
                   A       B       C       D       E      F
               +-------+-------+-------+-------+-------+----------------------
         Total | 100.0 | 100.0 |   N/A |   N/A | 100.0 |  20.0
       Dungeon | 100.0 | 100.0 |   N/A |   N/A | 100.0 |  20.0
               +-------+-------+-------+-------+-------+----------------------
